Map: Deathaura LE

Players

Trap - Winner!

  • Race: Protoss Protoss
  • League: Master
  • Spawn Location: 11:00

Astrea

  • Race: Protoss Protoss
  • League: Master
  • Spawn Location: 5:00

Event: DreamHack SC2 Masters 2020 Winter

VOD

Have the link to the VOD?

Description

Time

  • Played on: Nov. 12, 2020, 8:55 a.m.
  • Length: 12:44

All games in this series

Show
View Real Time Build Order
Export as new Build Order

Trap Protoss - Winner!

Build Orders:  

Get SALT Encoding   

  12  0:00  Probe  
  13  0:12  Probe  
  14  0:19  Pylon  
  14  0:24  Probe  
  15  0:37  Gateway, Probe (Chrono Boost)  
  16  0:47  Probe (Chrono Boost)  
  17  0:52  Probe (Chrono Boost)  
  17  0:54  Assimilator  
  18  0:57  Assimilator  
  18  1:04  Probe (Chrono Boost)  
  19  1:07  Gateway  
  19  1:13  Probe (Chrono Boost)  
  20  1:18  Probe (Chrono Boost)  
  20  1:24  Cybernetics Core  
  21  1:30  Probe  
  22  1:33  Pylon  
  22  1:42  Probe  
  23  1:54  Probe  
  23  1:58  Warp Gate (Chrono Boost)  
  23  2:01  Stalker x2  
  28  2:11  Pylon  
  28  2:31  Stalker x2  
  31  2:53  Nexus  
  31  2:57  Probe  
  32  3:03  Shield Battery  
  32  3:09  Probe  
  33  3:14  Sentry  
  33  3:15  Sentry  
  33  3:19  Pylon  
  37  3:22  Probe  
  37  3:26  Shield Battery  
  38  3:33  Twilight Council  
  38  3:35  Probe (Chrono Boost)  
  39  3:47  Probe (Chrono Boost)  
  40  3:49  Adept x2  
  40  3:52  Probe (Chrono Boost)  
  46  4:04  Probe (Chrono Boost)  
  46  4:09  Probe (Chrono Boost)  
  47  4:10  Blink  
  48  4:17  Probe (Chrono Boost)  
  48  4:19  Probe (Chrono Boost)  
  48  4:21  Forge  
  50  4:25  Probe (Chrono Boost)  
  50  4:27  Probe (Chrono Boost)  
  50  4:30  Probe (Chrono Boost)  
  51  4:35  Pylon, Probe  
  53  4:40  Probe  
  53  4:45  Assimilator, Stalker, Sentry  
  58  4:47  Protoss Ground Weapons Level 1 (Chrono Boost), Probe  
  58  4:52  Probe  
  60  4:59  Probe  
  61  5:04  Probe  
  62  5:07  Nexus  
  62  5:11  Pylon  
  62  5:14  Probe  
  62  5:16  Probe  
  62  5:19  Robotics Facility  
  64  5:26  Stalker  
  64  5:27  Stalker  
  68  5:31  Probe x2  
  70  5:36  Phoenix  
  70  5:42  Gateway  
  70  5:45  Gateway, Probe x2  
  72  5:52  Pylon  
  72  5:56  Shield Battery  
  72  5:58  Stalker x2  
  72  6:03  Probe x2  
  78  6:10  Observer  
  79  6:12  Charge, Pylon  
  79  6:18  Probe  
  79  6:19  Probe x2  
  79  6:25  Gateway  
  82  6:28  Gateway  
  82  6:31  Warp Prism (Chrono Boost)  
  84  6:35  Probe x3  
  84  6:37  Observer  
  87  6:42  Stalker x3  
  87  6:45  Stalker  
  95  6:50  Pylon  
  95  6:51  Probe x2  
  97  7:04  Gateway  
  97  7:05  Gateway  
  97  7:07  Probe x2  
  97  7:08  Probe  
  100  7:12  Stalker x4  
  108  7:16  Assimilator  
  108  7:18  Assimilator  
  108  7:20  Protoss Ground Weapons Level 2 (Chrono Boost)  
  108  7:21  Dark Shrine  
  108  7:31  Pylon  
  108  7:32  Pylon  
  108  7:40  Assimilator, Pylon  
  108  7:54  Stalker  
  108  7:55  Stalker x5  
  118  8:04  Immortal (Chrono Boost)  
  112  8:09  Probe x3  
  112  8:10  Zealot, Shield Battery  
  112  8:11  Zealot  
  112  8:12  Shield Battery  
  123  8:17  Shield Battery  
  123  8:21  Zealot x5  
  123  8:24  Zealot  
  135  8:28  Photon Cannon  
  135  8:35  Immortal (Chrono Boost)  
  137  8:44  Dark Templar x2  
  141  8:53  Pylon  
  141  8:55  Pylon  
  139  8:59  Dark Templar  
  141  9:03  Pylon  
  141  9:04  Pylon  
  141  9:06  Pylon  
  141  9:13  Immortal  
  141  9:15  Zealot  
  141  9:16  Zealot  
  149  9:23  Robotics Bay  
  149  9:24  Pylon  
  149  9:27  Dark Templar x2  
  153  9:34  Dark Templar x2  
  153  9:36  Photon Cannon  
  153  9:38  Pylon  
  157  9:43  Archon x2  
  157  9:45  Dark Templar  
  157  9:46  Dark Templar  
  157  9:50  Archon  
  161  9:55  Nexus  
  161  9:57  Observer (Chrono Boost)  
  162  10:06  Dark Templar  
  164  10:07  Dark Templar  
  164  10:08  Dark Templar, Zealot x2  
  164  10:11  Archon  
  164  10:13  Archon, Zealot  
  174  10:17  Observer (Chrono Boost)  
  172  10:29  Dark Templar  
  172  10:30  Dark Templar  
  164  10:36  Pylon  
  121  11:00  Zealot x3  
  122  11:10  Pylon  
  118  11:51  Nexus  
  103  12:24  Pylon  
Show
View Real Time Build Order
Export as new Build Order

Astrea Protoss 

Build Orders:  

Get SALT Encoding   

  12  0:00  Probe  
  13  0:12  Probe  
  14  0:17  Pylon  
  14  0:24  Probe (Chrono Boost)  
  15  0:36  Probe (Chrono Boost)  
  15  0:37  Gateway  
  16  0:43  Probe (Chrono Boost)  
  16  0:48  Assimilator  
  17  0:51  Probe  
  17  0:53  Assimilator  
  18  1:03  Probe (Chrono Boost)  
  19  1:08  Gateway  
  20  1:12  Probe (Chrono Boost)  
  20  1:17  Probe (Chrono Boost)  
  20  1:24  Cybernetics Core  
  21  1:29  Probe  
  22  1:34  Pylon  
  22  1:41  Probe  
  23  1:53  Probe  
  24  2:00  Warp Gate (Chrono Boost)  
  24  2:01  Adept x2  
  24  2:05  Probe  
  29  2:11  Pylon  
  29  2:31  Probe, Sentry  
  29  2:32  Sentry  
  34  2:49  Nexus  
  34  2:58  Sentry  
  36  3:00  Sentry  
  36  3:02  Shield Battery  
  36  3:05  Probe  
  38  3:17  Probe  
  38  3:20  Pylon, Twilight Council  
  38  3:29  Probe  
  39  3:41  Stalker x2, Probe  
  44  3:53  Probe (Chrono Boost)  
  46  4:02  Blink (Chrono Boost)  
  46  4:07  Probe x2 (Chrono Boost)  
  47  4:13  Probe (Chrono Boost)  
  47  4:16  Probe (Chrono Boost)  
  50  4:24  Probe (Chrono Boost)  
  50  4:28  Probe (Chrono Boost)  
  50  4:29  Shield Battery, Probe (Chrono Boost)  
  52  4:34  Nexus  
  52  4:37  Probe  
  53  4:40  Probe  
  54  4:49  Pylon, Probe  
  54  4:52  Probe  
  54  4:54  Stalker  
  54  4:56  Stalker  
  58  5:01  Probe  
  58  5:04  Probe  
  60  5:11  Forge  
  60  5:12  Gateway  
  60  5:13  Probe  
  61  5:15  Robotics Facility  
  61  5:20  Assimilator  
  61  5:23  Probe  
  61  5:25  Probe  
  63  5:31  Protoss Ground Weapons Level 1 (Chrono Boost)  
  63  5:35  Shield Battery, Probe  
  63  5:37  Probe  
  63  5:40  Charge (Chrono Boost)  
  65  5:48  Probe  
  65  5:49  Probe  
  67  5:53  Probe  
  67  5:55  Stalker x2  
  72  5:57  Pylon  
  72  6:00  Probe  
  73  6:07  Probe x2  
  73  6:08  Observer (Chrono Boost)  
  74  6:12  Probe  
  74  6:16  Gateway  
  74  6:17  Gateway  
  75  6:19  Gateway, Probe  
  75  6:20  Probe  
  75  6:25  Probe  
  78  6:27  Observer (Chrono Boost)  
  78  6:31  Probe  
  80  6:34  Gateway  
  80  6:39  Stalker x3, Gateway  
  86  6:43  Observer  
  86  6:45  Pylon  
  87  6:53  Shield Battery  
  85  6:59  Pylon  
  85  7:02  Stalker x2  
  85  7:03  Stalker  
  85  7:04  Warp Prism  
  93  7:09  Probe x2  
  93  7:11  Pylon  
  93  7:12  Pylon  
  93  7:13  Stalker x2, Observer  
  98  7:15  Observer  
  98  7:16  Zealot  
  98  7:22  Pylon  
  100  7:23  Pylon  
  100  7:26  Stalker x3  
  106  7:32  Stalker  
  108  7:38  Zealot x4  
  116  7:49  Observer  
  113  7:53  Pylon, Zealot x3  
  111  8:06  Stalker  
  111  8:07  Stalker x3  
  111  8:12  Stalker, Protoss Ground Weapons Level 2 (Chrono Boost)  
  121  8:32  Stalker, Zealot x4  
  121  8:33  Zealot x2  
  135  8:38  Pylon  
  135  8:40  Observer  
  135  8:46  Nexus  
  133  8:49  Stalker  
  135  9:01  Observer  
  133  9:09  Zealot x7  
  147  9:13  Assimilator  
  147  9:14  Assimilator  
  145  9:19  Robotics Bay  
  145  9:20  Robotics Facility  
  137  9:34  Photon Cannon x2  
  137  9:36  Stalker  
  139  9:47  Photon Cannon  
  139  9:55  Probe x3  
  139  9:58  Probe  
  139  9:59  Photon Cannon  
  141  10:10  Disruptor x2 (Chrono Boost)  
  143  10:15  Zealot x7  
  143  10:18  Zealot  
  132  10:47  Stalker x2  
  126  10:56  Stalker  
  102  11:22  Observer  
Tags
 
Add a new tag
Caveats
  • Supply blocks, unpowered buildings, or Contaminate may cause inaccurate times.
  • Supply counts are checked every 10 seconds.